Canucks vs Stars
Created - June 9, 2017 at 22:05
Goals
|
Canucks |
3 |
4 |
0 |
7 |
Stars |
1 |
1 |
1 |
3 |
|
Shots
|
Canucks |
11 |
12 |
10 |
33 |
Stars |
12 |
6 |
18 |
36 |
|
1st period
1. Canucks , Maxim Lapierre 3 (Bobby Butler 3) at 6:27
2. Canucks , Clarke MacArthur 1 (Milan Michalek 2, Brendon Nash 1) at 8:48 (PP)
3. Stars , Sean Avery 1 (Marcus Kruger 2, Scottie Upshall 1) at 10:06
4. Canucks , Mike Ribeiro 4 (Clarke MacArthur 1, Maxim Afinogenov 9) at 11:44
Penalties :
Brendon Nash (Van) for Interference (Minor) at 1:11, Trevor Daley (Dal) for Tripping (Minor) at 7:58, Bobby Butler (Van) for Hooking (Minor) at 16:37
2nd period
5. Canucks , Alex Goligoski 2 (Martin St. Louis 1, Ben Lovejoy 6) at 3:38
6. Canucks , Maxim Lapierre 4 (Sami Lepisto 4, Patrick Eaves 1) at 4:05
7. Canucks , Matt Stajan 5 (Alex Tanguay 4) at 11:29
8. Stars , Scott Hartnell 6 (John Tavares 11, Paul Martin 4) at 15:03
9. Canucks , Clarke MacArthur 2 (Ryan Parent 1) at 15:30
Penalties :
Scott Hartnell (Dal) for Fighting (Major) at 4:40, Matt Stajan (Van) for Fighting (Major) at 4:40, Peter Worrell (Dal) for Goalie Interference (Minor) at 6:33
3rd period
10. Stars , Radim Vrbata 3 (Jussi Jokinen 3, John Tavares 12) at 8:48 (PP)
Penalties :
Paul Martin (Dal) for Tripping (Minor) at 1:48, Alex Tanguay (Van) for High sticking (Minor) at 8:28, Peter Worrell (Dal) for Fighting (Major) at 11:40, Patrick Eaves (Van) for Fighting (Major) at 11:40
Goalie Stats
Brent Krahn (Van), 33 saves from 36 shots - (0.917), W, 6-2-1, 60:00 minutes
Miika Kiprusoff (Dal), 9 saves from 13 shots - (0.692), L, 4-2-0, 23:38 minutes
Pascal Leclaire (Dal), 17 saves from 20 shots - (0.850), 36:22 minutes
Players Stats for Canucks
Player Name G A P +/- PIM S H SB GA TA FO MP PP MP PK MP
------------------------------------------------------------------------------------
Alex Goligoski 1 0 1 1 0 3 1 0 0 1 0/0 20:23 2:37 2:45
Alex Tanguay 0 1 1 1 2 5 1 0 0 0 0/0 14:51 0:00 0:18
Ben Lovejoy 0 1 1 3 0 0 1 4 0 2 0/0 21:33 0:00 2:45
Bobby Butler 0 1 1 0 2 1 1 1 1 1 0/0 19:14 0:00 0:00
Brendon Nash 0 1 1 0 2 0 1 1 0 1 0/0 13:27 2:11 0:00
Clarke MacArthur 2 1 3 2 0 6 0 0 0 0 0/0 13:11 2:14 0:11
Jiri Hudler 0 0 0 1 0 2 0 0 0 0 1/1 11:25 2:34 0:00
Martin St. Louis 0 1 1 1 0 0 1 0 0 0 1/2 7:54 0:00 1:22
Matt Stajan 1 0 1 1 5 3 0 0 0 0 9/20 15:03 0:16 1:22
Maxim Afinogenov 0 1 1 2 0 2 5 0 1 0 8/13 15:52 2:18 2:42
Maxim Lapierre 2 0 2 0 0 5 2 0 0 0 17/32 19:08 0:00 0:00
Mike Ribeiro 1 0 1 2 0 1 0 1 0 0 4/6 13:18 0:00 2:41
Milan Michalek 0 1 1 1 0 0 5 0 0 0 0/1 8:48 2:14 0:00
Nick Pryor 0 0 0 1 0 0 0 1 0 1 0/0 23:26 2:37 0:00
Nikolai Zherdev 0 0 0 1 0 4 2 0 1 1 0/0 16:59 2:34 0:00
Patrick Eaves 0 1 1 0 5 0 0 0 0 0 2/4 19:52 2:14 0:00
Ryan Parent 0 1 1 2 0 0 1 1 0 0 0/0 16:23 0:00 1:33
Sami Lepisto 0 1 1 1 0 1 1 1 1 0 0/0 24:50 2:11 1:33
Players Stats for Stars
Player Name G A P +/- PIM S H SB GA TA FO MP PP MP PK MP
------------------------------------------------------------------------------------
Andrei Markov 0 0 0 -3 0 2 0 2 0 2 0/0 18:37 0:00 3:15
Brian Lee 0 0 0 -1 0 1 3 1 1 0 0/0 24:55 2:52 2:07
Evgeny Artyukhin 0 0 0 -3 0 1 0 0 0 0 0/0 11:28 0:00 0:00
John Tavares 0 2 2 -1 0 7 6 0 1 1 19/34 22:03 2:42 0:29
Johnny Oduya 0 0 0 0 0 0 0 1 0 1 0/0 17:13 1:26 0:11
Jussi Jokinen 0 1 1 -3 0 1 2 1 0 0 0/0 13:23 2:42 1:06
Marcus Kruger 0 1 1 1 0 4 0 0 1 0 4/6 8:46 0:00 1:03
Michael Frolik 0 0 0 -1 0 3 2 2 0 0 1/2 16:29 1:36 0:00
Michal Handzus 0 0 0 -3 0 2 2 0 0 0 5/10 12:42 0:00 3:16
Paul Martin 0 1 1 0 2 1 1 0 0 0 0/0 17:55 1:26 0:54
Peter Worrell 0 0 0 -1 7 0 1 0 0 0 1/2 13:40 0:00 0:26
Radim Vrbata 1 0 1 -1 0 2 2 0 0 0 0/1 21:34 2:42 0:00
Ryan Getzlaf 0 0 0 -1 0 2 2 0 1 0 4/19 16:29 1:36 0:00
Scott Hartnell 1 0 1 -1 5 3 0 0 1 0 1/2 19:43 1:36 0:00
Scottie Upshall 0 1 1 1 0 4 0 0 0 0 0/0 7:56 0:00 0:00
Sean Avery 1 0 1 1 0 2 1 0 0 0 2/3 10:56 0:00 3:16
Shaone Morrisonn 0 0 0 -3 0 1 1 1 0 0 0/0 18:55 0:00 3:09
Trevor Daley 0 0 0 -1 2 0 1 2 2 0 0/0 22:23 2:52 0:00
3 Stars
1 - Clarke MacArthur (Van)
2 - Maxim Lapierre (Van)
3 - Maxim Afinogenov (Van)
Power Play
Canucks - 1 on 3 Attempt(s) - 33.33%
Stars - 1 on 3 Attempt(s) - 33.33%
Penalty Kill
Canucks - 2 on 3 Attempt(s) - 66.67%
- Score 0 goal in Penalty Kill
Stars - 2 on 3 Attempt(s) - 66.67%
- Score 0 goal in Penalty Kill
Team Stat
Canucks - Hits : 22 - Faceoff Wins : 42 - Blocked Shots : 10 - Penalty Minutes : 16
Stars - Hits : 24 - Faceoff Wins : 37 - Blocked Shots : 10 - Penalty Minutes : 16
Official
Referees : Rehman Kyle and Meier Brad
Linesman : Derek Nansen and Dan Schachte
Game Notes
17:51 of 1st period - Stars goal is going for a video replay. After video review, No Goal. The puck has entered the net after making contact with an attacking player’s stick that is above the height of the crossbar.
3:38 of 2nd period - Canucks goal is going for a video replay. After video review, Goal.
Pascal Leclaire enters game at 3:38 of 2nd period
Scott Hartnell beats up Matt Stajan at 4:40 of 2nd period
Peter Worrell beats up Patrick Eaves at 11:40 of 3rd period
Finance
Level 1 -- Attendance: 6000 (100.00%) -- Ticket Income $390,000
Level 2 -- Attendance: 4979 (99.58%) -- Ticket Income $273,845
Level 3 -- Attendance: 1710 (85.50%) -- Ticket Income $76,950
Level 4 -- Attendance: 2884 (72.10%) -- Ticket Income $100,940
Luxury Box -- Attendance: 1000 (100.00%) -- Ticket Income $100,000
Game was played at the American Airlines Center.
Total Attendance: 16573 (92.07%)
Total Ticket Income: $941,735
Other Income: $141,260
Total Income: $1,082,995
Canucks
5 vs 5 Forward
Center Left Wing Right Wing Time % Phy DF OF
1 Maxim Lapierre Bobby Butler Patrick Eaves 40 1 2 2
2 Matt Stajan Alex Tanguay Nikolai Zherdev 30 1 2 2
3 Mike Ribeiro Clarke MacArthur Maxim Afinogenov 20 1 2 2
4 Martin St. Louis Milan Michalek Jiri Hudler 10 1 2 2
5 vs 5 Defense
Defense Defense Time % Phy DF OF
1 Nick Pryor Sami Lepisto 40 1 2 2
2 Ryan Parent Ben Lovejoy 30 1 2 2
3 Brendon Nash Alex Goligoski 20 1 2 2
4 Alex Goligoski Ben Lovejoy 10 1 2 2
PowerPlay Forward
Center Left Wing Right Wing Time % Phy DF OF
1 Maxim Afinogenov Nikolai Zherdev Jiri Hudler 60 1 2 2
2 Patrick Eaves Clarke MacArthur Milan Michalek 40 1 2 2
PowerPlay Defense
Defense Defense Time % Phy DF OF
1 Nick Pryor Alex Goligoski 60 1 2 2
2 Sami Lepisto Brendon Nash 40 1 2 2
Penalty Kill 4 Players Forward
Center Wing Time % Phy DF OF
1 Maxim Afinogenov Mike Ribeiro 60 1 2 2
2 Martin St. Louis Matt Stajan 40 1 2 2
Penalty Kill 4 Players Defense
Defense Defense Time % Phy DF OF
1 Alex Goligoski Ben Lovejoy 60 1 2 2
2 Ryan Parent Sami Lepisto 40 1 2 2
Penalty Kill - 3 Players Forward
Forward Time % Phy DF OF
1 Maxim Afinogenov 60 1 2 2
2 Mike Ribeiro 40 1 2 2
Penalty Kill - 3 Players Defense
Defense Defense Time % Phy DF OF
1 Alex Goligoski Ben Lovejoy 60 1 2 2
2 Ryan Parent Sami Lepisto 40 1 2 2
4 vs 4 Forward
Center Wing Time % Phy DF OF
1 Maxim Afinogenov Mike Ribeiro 60 1 2 2
2 Martin St. Louis Matt Stajan 40 1 2 2
4 vs 4 Defense
Defense Defense Time % Phy DF OF
1 Alex Goligoski Ben Lovejoy 60 1 2 2
2 Ryan Parent Sami Lepisto 40 1 2 2
Last Minutes Offensive
Center Left Wing Right Wing Defense Defense
Mike Ribeiro Milan Michalek Maxim Afinogenov Alex Goligoski Ben Lovejoy
Last Minutes Defensive
Center Left Wing Right Wing Defense Defense
Mike Ribeiro Milan Michalek Maxim Afinogenov Alex Goligoski Ben Lovejoy
Goaltenders
Starting : Brent Krahn
Backup : Carey Price
Extra Forwards
Normal : Patrick Eaves, Jiri Hudler, Alex Tanguay - PP : Patrick Eaves, Jiri Hudler - PK : Alex Tanguay
Extra Defensemen
Normal : Brendon Nash, Nick Pryor, Ryan Parent - PP : Brendon Nash - PK : Nick Pryor, Ryan Parent
Penalty Shots
Maxim Afinogenov, Mike Ribeiro, Martin St. Louis, Matt Stajan, Milan Michalek
Scratches
Doug Janik (Healthy), Tom Poti (Lacerated Left Calf Injury)
Stars
5 vs 5 Forward
Center Left Wing Right Wing Time % Phy DF OF
1 John Tavares Scott Hartnell Radim Vrbata 38 0 1 4
2 Ryan Getzlaf Peter Worrell Michael Frolik 30 0 2 3
3 Michal Handzus Jussi Jokinen Evgeny Artyukhin 20 1 2 2
4 Marcus Kruger Sean Avery Scottie Upshall 12 1 2 2
5 vs 5 Defense
Defense Defense Time % Phy DF OF
1 Brian Lee Trevor Daley 40 0 2 3
2 Paul Martin Johnny Oduya 30 1 2 2
3 Andrei Markov Shaone Morrisonn 20 1 3 1
4 Andrei Markov Shaone Morrisonn 10 1 3 1
PowerPlay Forward
Center Left Wing Right Wing Time % Phy DF OF
1 John Tavares Jussi Jokinen Radim Vrbata 60 0 1 4
2 Ryan Getzlaf Scott Hartnell Michael Frolik 40 0 1 4
PowerPlay Defense
Defense Defense Time % Phy DF OF
1 Brian Lee Trevor Daley 60 0 2 3
2 Paul Martin Johnny Oduya 40 0 2 3
Penalty Kill 4 Players Forward
Center Wing Time % Phy DF OF
1 Michal Handzus Sean Avery 60 0 4 1
2 Marcus Kruger Peter Worrell 40 0 4 1
Penalty Kill 4 Players Defense
Defense Defense Time % Phy DF OF
1 Andrei Markov Shaone Morrisonn 60 1 4 0
2 Paul Martin Brian Lee 40 1 4 0
Penalty Kill - 3 Players Forward
Forward Time % Phy DF OF
1 Michal Handzus 60 0 4 1
2 Radim Vrbata 40 0 4 1
Penalty Kill - 3 Players Defense
Defense Defense Time % Phy DF OF
1 Brian Lee Johnny Oduya 60 0 4 1
2 Paul Martin Trevor Daley 40 0 4 1
4 vs 4 Forward
Center Wing Time % Phy DF OF
1 John Tavares Radim Vrbata 60 0 2 3
2 Ryan Getzlaf Scott Hartnell 40 0 2 3
4 vs 4 Defense
Defense Defense Time % Phy DF OF
1 Brian Lee Johnny Oduya 60 1 2 2
2 Paul Martin Trevor Daley 40 1 2 2
Last Minutes Offensive
Center Left Wing Right Wing Defense Defense
John Tavares Scott Hartnell Radim Vrbata Brian Lee Johnny Oduya
Last Minutes Defensive
Center Left Wing Right Wing Defense Defense
John Tavares Scott Hartnell Radim Vrbata Brian Lee Johnny Oduya
Goaltenders
Starting : Miika Kiprusoff
Backup : Pascal Leclaire
Extra Forwards
Normal : Evgeny Artyukhin, Scottie Upshall, Michal Handzus - PP : Evgeny Artyukhin, Scottie Upshall - PK : Michal Handzus
Extra Defensemen
Normal : Andrei Markov, Shaone Morrisonn, Paul Martin - PP : Andrei Markov - PK : Shaone Morrisonn, Paul Martin
Penalty Shots
John Tavares, Michael Frolik, Radim Vrbata, Michal Handzus, Sean Avery
Scratches
None
% Time on Ice - Canucks
Lines # - Real PCT - Wanted PCT - Time Play
Normal Forward
1 - 38% - 40% - 19:30
2 - 28% - 30% - 14:15
3 - 21% - 20% - 10:37
4 - 13% - 10% - 6:32
Normal Defense
1 - 42% - 40% - 21:13
2 - 30% - 30% - 15:04
3 - 22% - 20% - 11:00
4 - 7% - 10% - 3:37
PP Forward
1 - 53% - 60% - 2:34
2 - 47% - 40% - 2:14
PP Defense
1 - 55% - 60% - 2:37
2 - 45% - 40% - 2:11
PK Forward
1 - 68% - 60% - 2:56
2 - 32% - 40% - 1:22
PK Defense
1 - 64% - 60% - 2:45
2 - 36% - 40% - 1:33
PK3 Forward
1 - 0% - 60%
2 - 0% - 40%
PK3 Defense
1 - 0% - 60%
2 - 0% - 40%
44 Forward
1 - 0% - 60%
2 - 0% - 40%
44 Defense
1 - 0% - 60%
2 - 0% - 40%
Last Minute Offensive - 0:00
Last Minute Defensive - 0:00
Total
Forward - 60:00
Defense - 60:00
|
% Time on Ice - Stars
Lines # - Real PCT - Wanted PCT - Time Play
Normal Forward
1 - 37% - 38% - 18:52
2 - 29% - 30% - 14:56
3 - 19% - 20% - 9:26
4 - 15% - 12% - 7:40
Normal Defense
1 - 41% - 40% - 20:41
2 - 31% - 30% - 16:00
3 - 20% - 20% - 10:03
4 - 8% - 10% - 4:10
PP Forward
1 - 63% - 60% - 2:42
2 - 37% - 40% - 1:36
PP Defense
1 - 67% - 60% - 2:52
2 - 33% - 40% - 1:26
PK Forward
1 - 78% - 60% - 3:45
2 - 22% - 40% - 1:03
PK Defense
1 - 52% - 60% - 2:30
2 - 48% - 40% - 2:18
PK3 Forward
1 - 0% - 60%
2 - 0% - 40%
PK3 Defense
1 - 0% - 60%
2 - 0% - 40%
44 Forward
1 - 0% - 60%
2 - 0% - 40%
44 Defense
1 - 0% - 60%
2 - 0% - 40%
Last Minute Offensive - 0:00
Last Minute Defensive - 0:00
Total
Forward - 60:00
Defense - 60:00
|
Play by Play
1st period
0:01 of 1st period - Maxim Lapierre wins face-off versus John Tavares in neutral zone.
0:14 of 1st period - Snap shot by Bobby Butler.
0:14 of 1st period - Shot Blocked by Trevor Daley.
0:16 of 1st period - Wrist shot by Maxim Lapierre.
0:16 of 1st period - Shot Misses the Net.
0:26 of 1st period - Matt Stajan is hit by Michael Frolik and loses puck.
0:55 of 1st period - Snap shot by Evgeny Artyukhin.
0:55 of 1st period - Stopped by Brent Krahn without a rebound.
0:56 of 1st period - Sean Avery wins face-off versus Milan Michalek in Canucks zone.
1:09 of 1st period - Backhand shot by Marcus Kruger.
1:09 of 1st period - Stopped by Brent Krahn with a rebound.
1:11 of 1st period - Minor Penalty to Brendon Nash for Interference.
1:12 of 1st period - Maxim Afinogenov wins face-off versus John Tavares in Canucks zone.
1:23 of 1st period - Off-side.
1:24 of 1st period - John Tavares wins face-off versus Maxim Afinogenov in neutral zone.
1:35 of 1st period - Trevor Daley is hit by Maxim Afinogenov and loses puck.
1:51 of 1st period - Ben Lovejoy is hit by Ryan Getzlaf and loses puck.
3:11 of 1st period - Penalty to Brendon Nash is over, Brendon Nash is back on ice.
3:24 of 1st period - Icing by Maxim Lapierre.
3:25 of 1st period - Marcus Kruger wins face-off versus Maxim Lapierre in Canucks zone.
3:26 of 1st period - Snap shot by Scottie Upshall.
3:26 of 1st period - Stopped by Brent Krahn without a rebound.
3:27 of 1st period - Marcus Kruger wins face-off versus Maxim Lapierre in Canucks zone.
3:30 of 1st period - Wrist shot by Sean Avery.
3:30 of 1st period - Shot Blocked by Sami Lepisto.
3:52 of 1st period - Nikolai Zherdev is hit by John Tavares and loses puck.
5:30 of 1st period - Wrist shot by Maxim Afinogenov.
5:30 of 1st period - Shot Misses the Net.
5:32 of 1st period - Slapshot by Sami Lepisto.
5:32 of 1st period - Shot Misses the Net.
5:34 of 1st period - Snap shot by Mike Ribeiro.
5:34 of 1st period - Shot Blocked by Michael Frolik.
5:52 of 1st period - Milan Michalek is hit by John Tavares and loses puck.
6:19 of 1st period - Backhand shot by Jiri Hudler.
6:19 of 1st period - Shot Misses the Net.
6:21 of 1st period - Snap shot by Martin St. Louis.
6:21 of 1st period - Shot Misses the Net.
6:23 of 1st period - Slapshot by Sami Lepisto.
6:23 of 1st period - Stopped by Miika Kiprusoff without a rebound.
6:24 of 1st period - Maxim Lapierre wins face-off versus Ryan Getzlaf in Stars zone.
6:27 of 1st period - Slapshot by Maxim Lapierre.
6:27 of 1st period - Goal by Maxim Lapierre - Canucks : 1 - Stars : 0.
6:28 of 1st period - John Tavares wins face-off versus Maxim Lapierre in neutral zone.
6:43 of 1st period - Snap shot by John Tavares.
6:43 of 1st period - Stopped by Brent Krahn with a rebound.
6:45 of 1st period - Slapshot by Trevor Daley.
6:45 of 1st period - Shot Blocked by Ben Lovejoy.
6:55 of 1st period - Slapshot by Michael Frolik.
6:55 of 1st period - Stopped by Brent Krahn without a rebound.
6:56 of 1st period - Ryan Getzlaf wins face-off versus Matt Stajan in Canucks zone.
7:01 of 1st period - Snap shot by Michael Frolik.
7:01 of 1st period - Stopped by Brent Krahn without a rebound.
7:02 of 1st period - John Tavares wins face-off versus Maxim Lapierre in Canucks zone.
7:03 of 1st period - Snap shot by Radim Vrbata.
7:03 of 1st period - Stopped by Brent Krahn with a rebound.
7:17 of 1st period - Snap shot by John Tavares.
7:17 of 1st period - Stopped by Brent Krahn without a rebound.
7:18 of 1st period - Matt Stajan wins face-off versus Ryan Getzlaf in Canucks zone.
7:33 of 1st period - Slapshot by Matt Stajan.
7:33 of 1st period - Stopped by Miika Kiprusoff without a rebound.
7:34 of 1st period - Maxim Lapierre wins face-off versus John Tavares in Stars zone.
7:58 of 1st period - Minor Penalty to Trevor Daley for Tripping.
7:59 of 1st period - Maxim Afinogenov wins face-off versus Michal Handzus in Stars zone.
8:00 of 1st period - Wrist shot by Jiri Hudler.
8:00 of 1st period - Stopped by Miika Kiprusoff with a rebound.
8:32 of 1st period - Wrist shot by Clarke MacArthur.
8:32 of 1st period - Stopped by Miika Kiprusoff without a rebound.
8:33 of 1st period - Michal Handzus wins face-off versus Patrick Eaves in Stars zone.
8:48 of 1st period - Wrist shot by Clarke MacArthur.
8:48 of 1st period - Goal by Clarke MacArthur - Canucks : 2 - Stars : 0.
8:49 of 1st period - Maxim Lapierre wins face-off versus Ryan Getzlaf in neutral zone.
9:19 of 1st period - John Tavares is hit by Alex Tanguay and loses puck.
10:00 of 1st period - Snap shot by Scottie Upshall.
10:00 of 1st period - Stopped by Brent Krahn without a rebound.
10:01 of 1st period - Marcus Kruger wins face-off versus Maxim Lapierre in Canucks zone.
10:04 of 1st period - Wrist shot by Scottie Upshall.
10:04 of 1st period - Shot Blocked by Bobby Butler.
10:06 of 1st period - Wrist shot by Marcus Kruger.
10:06 of 1st period - Deflect By Sean Avery.
10:06 of 1st period - Goal by Sean Avery - Canucks : 2 - Stars : 1.
10:07 of 1st period - Maxim Lapierre wins face-off versus Ryan Getzlaf in neutral zone.
10:32 of 1st period - John Tavares is hit by Sami Lepisto.
10:42 of 1st period - Sami Lepisto is hit by Radim Vrbata and loses puck.
11:04 of 1st period - Icing by Ryan Parent.
11:05 of 1st period - Ryan Getzlaf wins face-off versus Mike Ribeiro in Canucks zone.
11:42 of 1st period - Wrist shot by Clarke MacArthur.
11:42 of 1st period - Shot Misses the Net.
11:44 of 1st period - Wrist shot by Mike Ribeiro.
11:44 of 1st period - Goal by Mike Ribeiro - Canucks : 3 - Stars : 1.
11:45 of 1st period - Maxim Lapierre wins face-off versus Ryan Getzlaf in neutral zone.
11:48 of 1st period - Trevor Daley is hit by Maxim Lapierre and loses puck.
12:42 of 1st period - Slapshot by Clarke MacArthur.
12:42 of 1st period - Stopped by Miika Kiprusoff with a rebound.
12:44 of 1st period - Wrist shot by Mike Ribeiro.
12:44 of 1st period - Deflect By Maxim Afinogenov.
12:44 of 1st period - Shot Misses the Net.
12:44 of 1st period - Puck is out of play.
12:45 of 1st period - Ryan Getzlaf wins face-off versus Maxim Lapierre in Stars zone.
13:10 of 1st period - Bobby Butler is hit by Michal Handzus and loses puck.
13:25 of 1st period - Wrist shot by Maxim Lapierre.
13:25 of 1st period - Shot Blocked by Jussi Jokinen.
13:49 of 1st period - Snap shot by Maxim Lapierre.
13:49 of 1st period - Shot Misses the Net.
13:51 of 1st period - Slapshot by Maxim Lapierre.
13:51 of 1st period - Shot Blocked by Trevor Daley.
13:53 of 1st period - Slapshot by Sami Lepisto.
13:53 of 1st period - Shot Blocked by Brian Lee.
13:55 of 1st period - Wrist shot by Maxim Lapierre.
13:55 of 1st period - Shot Misses the Net.
14:07 of 1st period - Wrist shot by Maxim Lapierre.
14:07 of 1st period - Stopped by Miika Kiprusoff without a rebound.
14:08 of 1st period - Scott Hartnell wins face-off versus Matt Stajan in Stars zone.
14:23 of 1st period - Snap shot by Alex Tanguay.
14:23 of 1st period - Stopped by Miika Kiprusoff without a rebound.
14:24 of 1st period - Mike Ribeiro wins face-off versus Ryan Getzlaf in Stars zone.
14:58 of 1st period - Snap shot by Matt Stajan.
14:58 of 1st period - Shot Misses the Net.
15:26 of 1st period - Johnny Oduya is hit by Milan Michalek and loses puck.
16:37 of 1st period - Minor Penalty to Bobby Butler for Hooking.
16:38 of 1st period - Maxim Afinogenov wins face-off versus John Tavares in Canucks zone.
16:42 of 1st period - Slapshot by Alex Goligoski.
16:42 of 1st period - Stopped by Miika Kiprusoff without a rebound.
16:43 of 1st period - John Tavares wins face-off versus Maxim Afinogenov in Stars zone.
17:47 of 1st period - Snap shot by Trevor Daley.
17:47 of 1st period - Shot Misses the Net.
17:49 of 1st period - Slapshot by Scott Hartnell.
17:49 of 1st period - Stopped by Brent Krahn with a rebound.
17:51 of 1st period - Snap shot by Ryan Getzlaf.
17:51 of 1st period - Stars goal is going for a video replay.
17:51 of 1st period - The goal is refused. The puck has entered the net after making contact with an attacking player’s stick that is above the height of the crossbar..
17:52 of 1st period - Maxim Afinogenov wins face-off versus Michael Frolik in Canucks zone.
18:37 of 1st period - Penalty to Bobby Butler is over, Bobby Butler is back on ice.
19:09 of 1st period - Snap shot by Jussi Jokinen.
19:09 of 1st period - Shot Misses the Net.
19:48 of 1st period - Sean Avery is hit by Milan Michalek and loses puck.
Goals for this period are 3 for Canucks vs 1 for Stars.
Shots for this period are 11 for Canucks vs 12 for Stars.
2nd period
0:01 of 2nd period - Maxim Lapierre wins face-off versus John Tavares in neutral zone.
0:03 of 2nd period - Off-side.
0:04 of 2nd period - John Tavares wins face-off versus Maxim Lapierre in neutral zone.
0:17 of 2nd period - Wrist shot by John Tavares.
0:17 of 2nd period - Shot Blocked by Ben Lovejoy.
0:37 of 2nd period - Wrist shot by Nikolai Zherdev.
0:37 of 2nd period - Stopped by Miika Kiprusoff without a rebound.
0:38 of 2nd period - Matt Stajan wins face-off versus Peter Worrell in Stars zone.
1:13 of 2nd period - Wrist shot by Scott Hartnell.
1:13 of 2nd period - Deflect By Radim Vrbata.
1:13 of 2nd period - Shot Misses the Net.
1:13 of 2nd period - Puck is out of play.
1:14 of 2nd period - Maxim Lapierre wins face-off versus John Tavares in Canucks zone.
1:27 of 2nd period - Snap shot by Radim Vrbata.
1:27 of 2nd period - Shot Misses the Net.
1:48 of 2nd period - Trevor Daley is hit by Maxim Afinogenov and loses puck.
2:03 of 2nd period - Alex Goligoski is hit by Brian Lee and loses puck.
2:20 of 2nd period - Slapshot by Brian Lee.
2:20 of 2nd period - Stopped by Brent Krahn without a rebound.
2:21 of 2nd period - Marcus Kruger wins face-off versus Matt Stajan in Canucks zone.
2:34 of 2nd period - Matt Stajan is hit by Shaone Morrisonn and loses puck.
3:10 of 2nd period - Snap shot by Ryan Getzlaf.
3:10 of 2nd period - Shot Misses the Net.
3:16 of 2nd period - Slapshot by Ryan Getzlaf.
3:16 of 2nd period - Shot Misses the Net.
3:36 of 2nd period - Snap shot by Martin St. Louis.
3:36 of 2nd period - Shot Blocked by Johnny Oduya.
3:38 of 2nd period - Slapshot by Alex Goligoski.
3:38 of 2nd period - Canucks goal is going for a video replay.
3:38 of 2nd period - The goal is good.
3:38 of 2nd period - Goal by Alex Goligoski - Canucks : 4 - Stars : 1.
3:38 of 2nd period - Pascal Leclaire enters game.
3:39 of 2nd period - John Tavares wins face-off versus Maxim Lapierre in neutral zone.
3:42 of 2nd period - Bobby Butler is hit by Radim Vrbata and loses puck.
3:48 of 2nd period - Off-side.
3:49 of 2nd period - John Tavares wins face-off versus Maxim Lapierre in neutral zone.
4:05 of 2nd period - Snap shot by Maxim Lapierre.
4:05 of 2nd period - Goal by Maxim Lapierre - Canucks : 5 - Stars : 1.
4:06 of 2nd period - Maxim Lapierre wins face-off versus John Tavares in neutral zone.
4:17 of 2nd period - Wrist shot by John Tavares.
4:17 of 2nd period - Stopped by Brent Krahn without a rebound.
4:18 of 2nd period - Matt Stajan wins face-off versus John Tavares in Canucks zone.
4:33 of 2nd period - Snap shot by Nikolai Zherdev.
4:33 of 2nd period - Stopped by Pascal Leclaire with a rebound.
4:40 of 2nd period - Scott Hartnell beats up Matt Stajan.
4:40 of 2nd period - Penalty to Scott Hartnell for Fighting.
4:40 of 2nd period - Penalty to Matt Stajan for Fighting.
4:41 of 2nd period - Maxim Lapierre wins face-off versus Ryan Getzlaf in Stars zone.
4:42 of 2nd period - Wrist shot by Bobby Butler.
4:42 of 2nd period - Shot Blocked by Michael Frolik.
5:31 of 2nd period - Wrist shot by Maxim Afinogenov.
5:31 of 2nd period - Stopped by Pascal Leclaire with a rebound.
5:51 of 2nd period - Wrist shot by Evgeny Artyukhin.
5:51 of 2nd period - Deflect By Michal Handzus.
5:51 of 2nd period - Shot Hit the Post.
5:51 of 2nd period - Puck is out of play.
5:52 of 2nd period - Martin St. Louis wins face-off versus Michal Handzus in Canucks zone.
5:52 of 2nd period - Martin St. Louis is hit by Jussi Jokinen.
6:33 of 2nd period - Minor Penalty to Peter Worrell for Goalie Interference.
6:34 of 2nd period - Maxim Afinogenov wins face-off versus Michal Handzus in Stars zone.
6:47 of 2nd period - Maxim Afinogenov is hit by Michal Handzus and loses puck.
7:00 of 2nd period - Andrei Markov is hit by Milan Michalek and loses puck.
7:07 of 2nd period - Slapshot by Milan Michalek.
7:07 of 2nd period - Shot Blocked by Shaone Morrisonn.
7:09 of 2nd period - Snap shot by Clarke MacArthur.
7:09 of 2nd period - Shot Blocked by Andrei Markov.
7:11 of 2nd period - Wrist shot by Clarke MacArthur.
7:11 of 2nd period - Stopped by Pascal Leclaire without a rebound.
7:12 of 2nd period - Michal Handzus wins face-off versus Maxim Afinogenov in Stars zone.
7:12 of 2nd period - Michal Handzus is hit by Nikolai Zherdev.
7:24 of 2nd period - Wrist shot by Maxim Afinogenov.
7:24 of 2nd period - Stopped by Pascal Leclaire without a rebound.
7:25 of 2nd period - Maxim Afinogenov wins face-off versus Marcus Kruger in Stars zone.
7:28 of 2nd period - Wrist shot by Maxim Afinogenov.
7:28 of 2nd period - Shot Blocked by Andrei Markov.
7:56 of 2nd period - Slapshot by Alex Goligoski.
7:56 of 2nd period - Stopped by Pascal Leclaire without a rebound.
7:57 of 2nd period - Michal Handzus wins face-off versus Maxim Afinogenov in Stars zone.
8:33 of 2nd period - Penalty to Peter Worrell is over, Peter Worrell is back on ice.
9:05 of 2nd period - Icing by Shaone Morrisonn.
9:06 of 2nd period - Mike Ribeiro wins face-off versus Ryan Getzlaf in Stars zone.
9:37 of 2nd period - Wrist shot by Michael Frolik.
9:37 of 2nd period - Shot Blocked by Nick Pryor.
9:39 of 2nd period - Snap shot by Andrei Markov.
9:39 of 2nd period - Stopped by Brent Krahn with a rebound.
9:41 of 2nd period - Slapshot by Shaone Morrisonn.
9:41 of 2nd period - Stopped by Brent Krahn without a rebound.
9:42 of 2nd period - John Tavares wins face-off versus Matt Stajan in Canucks zone.
9:49 of 2nd period - Wrist shot by Radim Vrbata.
9:49 of 2nd period - Shot Misses the Net.
10:25 of 2nd period - Slapshot by Jussi Jokinen.
10:25 of 2nd period - Shot Blocked by Brendon Nash.
11:13 of 2nd period - Off-side.
11:14 of 2nd period - John Tavares wins face-off versus Matt Stajan in neutral zone.
11:21 of 2nd period - Alex Tanguay is hit by John Tavares.
11:27 of 2nd period - Wrist shot by Matt Stajan.
11:27 of 2nd period - Shot Misses the Net.
11:29 of 2nd period - Snap shot by Matt Stajan.
11:29 of 2nd period - Goal by Matt Stajan - Canucks : 6 - Stars : 1.
11:30 of 2nd period - John Tavares wins face-off versus Maxim Lapierre in neutral zone.
11:37 of 2nd period - Snap shot by Bobby Butler.
11:37 of 2nd period - Stopped by Pascal Leclaire with a rebound.
11:39 of 2nd period - Slapshot by Sami Lepisto.
11:39 of 2nd period - Deflect By Maxim Lapierre.
11:39 of 2nd period - Shot Misses the Net.
11:39 of 2nd period - Puck is out of play.
11:40 of 2nd period - John Tavares wins face-off versus Maxim Lapierre in Stars zone.
12:44 of 2nd period - Snap shot by Radim Vrbata.
12:44 of 2nd period - Shot Misses the Net.
13:26 of 2nd period - Radim Vrbata is hit by Bobby Butler and loses puck.
14:51 of 2nd period - Wrist shot by John Tavares.
14:51 of 2nd period - Stopped by Brent Krahn with a rebound.
15:03 of 2nd period - Wrist shot by Scott Hartnell.
15:03 of 2nd period - Goal by Scott Hartnell - Canucks : 6 - Stars : 2.
15:04 of 2nd period - Michael Frolik wins face-off versus Matt Stajan in neutral zone.
15:17 of 2nd period - Ryan Getzlaf is hit by Nikolai Zherdev and loses puck.
15:30 of 2nd period - Slapshot by Clarke MacArthur.
15:30 of 2nd period - Goal by Clarke MacArthur - Canucks : 7 - Stars : 2.
15:31 of 2nd period - Matt Stajan wins face-off versus Ryan Getzlaf in neutral zone.
16:21 of 2nd period - Snap shot by Jiri Hudler.
16:21 of 2nd period - Shot Misses the Net.
17:58 of 2nd period - Trevor Daley is hit by Maxim Afinogenov and loses puck.
18:06 of 2nd period - Icing by Marcus Kruger.
18:07 of 2nd period - Michal Handzus wins face-off versus Matt Stajan in Stars zone.
18:36 of 2nd period - Ryan Getzlaf is hit by Alex Goligoski and loses puck.
18:41 of 2nd period - Snap shot by Martin St. Louis.
18:41 of 2nd period - Deflect By Jiri Hudler.
18:41 of 2nd period - Stopped by Pascal Leclaire without a rebound.
18:42 of 2nd period - Mike Ribeiro wins face-off versus Marcus Kruger in Stars zone.
19:14 of 2nd period - Ryan Getzlaf is hit by Brendon Nash.
Goals for this period are 4 for Canucks vs 1 for Stars.
Shots for this period are 12 for Canucks vs 6 for Stars.
3rd period
0:01 of 3rd period - Maxim Lapierre wins face-off versus Ryan Getzlaf in neutral zone.
0:17 of 3rd period - Icing by Trevor Daley.
0:18 of 3rd period - Matt Stajan wins face-off versus Ryan Getzlaf in Stars zone.
0:21 of 3rd period - Slapshot by Alex Tanguay.
0:21 of 3rd period - Stopped by Pascal Leclaire with a rebound.
0:32 of 3rd period - Brian Lee is hit by Ryan Parent and loses puck.
0:45 of 3rd period - Ben Lovejoy is hit by John Tavares and loses puck.
1:03 of 3rd period - Off-side.
1:04 of 3rd period - Mike Ribeiro wins face-off versus Michal Handzus in neutral zone.
1:17 of 3rd period - Wrist shot by Mike Ribeiro.
1:17 of 3rd period - Shot Misses the Net.
1:29 of 3rd period - Nick Pryor is hit by Peter Worrell and loses puck.
1:48 of 3rd period - Minor Penalty to Paul Martin for Tripping.
1:49 of 3rd period - Maxim Afinogenov wins face-off versus Michal Handzus in Stars zone.
2:15 of 3rd period - Shaone Morrisonn is hit by Milan Michalek and loses puck.
2:59 of 3rd period - Alex Goligoski is hit by John Tavares and loses puck.
3:19 of 3rd period - Icing by Alex Goligoski.
3:20 of 3rd period - John Tavares wins face-off versus Matt Stajan in Canucks zone.
3:25 of 3rd period - Snap shot by John Tavares.
3:25 of 3rd period - Stopped by Brent Krahn with a rebound.
3:27 of 3rd period - Snap shot by John Tavares.
3:27 of 3rd period - Stopped by Brent Krahn without a rebound.
3:28 of 3rd period - Sean Avery wins face-off versus Patrick Eaves in Canucks zone.
3:31 of 3rd period - Snap shot by Michal Handzus.
3:31 of 3rd period - Stopped by Brent Krahn with a rebound.
3:48 of 3rd period - Penalty to Paul Martin is over, Paul Martin is back on ice.
4:11 of 3rd period - Icing by Ryan Parent.
4:12 of 3rd period - John Tavares wins face-off versus Maxim Lapierre in Canucks zone.
4:13 of 3rd period - Wrist shot by Scott Hartnell.
4:13 of 3rd period - Stopped by Brent Krahn with a rebound.
4:23 of 3rd period - Slapshot by Maxim Lapierre.
4:23 of 3rd period - Deflect By John Tavares.
4:23 of 3rd period - Stopped by Pascal Leclaire without a rebound.
4:24 of 3rd period - John Tavares wins face-off versus Matt Stajan in Stars zone.
5:18 of 3rd period - Slapshot by Marcus Kruger.
5:18 of 3rd period - Stopped by Brent Krahn with a rebound.
5:34 of 3rd period - Milan Michalek is hit by Jussi Jokinen and loses puck.
5:56 of 3rd period - Icing by Ryan Parent.
5:57 of 3rd period - John Tavares wins face-off versus Matt Stajan in Canucks zone.
6:11 of 3rd period - Off-side.
6:12 of 3rd period - Peter Worrell wins face-off versus Maxim Lapierre in neutral zone.
6:25 of 3rd period - Wrist shot by Michael Frolik.
6:25 of 3rd period - Stopped by Brent Krahn with a rebound.
7:02 of 3rd period - Wrist shot by Matt Stajan.
7:02 of 3rd period - Shot Misses the Net.
7:06 of 3rd period - Wrist shot by Nikolai Zherdev.
7:06 of 3rd period - Shot Misses the Net.
7:42 of 3rd period - Slapshot by Brian Lee.
7:42 of 3rd period - Deflect By Michal Handzus.
7:42 of 3rd period - Stopped by Brent Krahn without a rebound.
7:43 of 3rd period - John Tavares wins face-off versus Martin St. Louis in Canucks zone.
7:48 of 3rd period - Slapshot by John Tavares.
7:48 of 3rd period - Stopped by Brent Krahn without a rebound.
7:49 of 3rd period - John Tavares wins face-off versus Maxim Lapierre in Canucks zone.
7:50 of 3rd period - Wrist shot by Scott Hartnell.
7:50 of 3rd period - Deflect By Ryan Parent.
7:50 of 3rd period - Shot Blocked by Ben Lovejoy.
7:50 of 3rd period - Puck is out of play.
7:51 of 3rd period - Maxim Lapierre wins face-off versus John Tavares in Canucks zone.
8:19 of 3rd period - Snap shot by Michael Frolik.
8:19 of 3rd period - Shot Blocked by Ryan Parent.
8:21 of 3rd period - Wrist shot by Andrei Markov.
8:21 of 3rd period - Stopped by Brent Krahn without a rebound.
8:22 of 3rd period - Matt Stajan wins face-off versus Ryan Getzlaf in Canucks zone.
8:28 of 3rd period - Minor Penalty to Alex Tanguay for High sticking.
8:29 of 3rd period - Maxim Afinogenov wins face-off versus John Tavares in Canucks zone.
8:29 of 3rd period - Maxim Afinogenov is hit by Brian Lee.
8:38 of 3rd period - Slapshot by Brian Lee.
8:38 of 3rd period - Deflect By Jussi Jokinen.
8:38 of 3rd period - Shot Misses the Net.
8:38 of 3rd period - Puck is out of play.
8:39 of 3rd period - John Tavares wins face-off versus Maxim Afinogenov in Canucks zone.
8:42 of 3rd period - Wrist shot by Jussi Jokinen.
8:42 of 3rd period - Shot Misses the Net.
8:44 of 3rd period - Snap shot by Jussi Jokinen.
8:44 of 3rd period - Stopped by Brent Krahn with a rebound.
8:46 of 3rd period - Wrist shot by Radim Vrbata.
8:46 of 3rd period - Shot Blocked by Ben Lovejoy.
8:48 of 3rd period - Wrist shot by Radim Vrbata.
8:48 of 3rd period - Goal by Radim Vrbata - Canucks : 7 - Stars : 3.
8:49 of 3rd period - Maxim Lapierre wins face-off versus John Tavares in neutral zone.
9:00 of 3rd period - Snap shot by Radim Vrbata.
9:00 of 3rd period - Shot Misses the Net.
10:08 of 3rd period - Shaone Morrisonn is hit by Martin St. Louis and loses puck.
10:23 of 3rd period - Wrist shot by Matt Stajan.
10:23 of 3rd period - Stopped by Pascal Leclaire without a rebound.
10:24 of 3rd period - Matt Stajan wins face-off versus Scott Hartnell in Stars zone.
10:25 of 3rd period - Snap shot by Alex Tanguay.
10:25 of 3rd period - Stopped by Pascal Leclaire without a rebound.
10:26 of 3rd period - Matt Stajan wins face-off versus Radim Vrbata in Stars zone.
10:29 of 3rd period - Wrist shot by Nikolai Zherdev.
10:29 of 3rd period - Stopped by Pascal Leclaire with a rebound.
10:31 of 3rd period - Slapshot by Sami Lepisto.
10:31 of 3rd period - Deflect By Alex Tanguay.
10:31 of 3rd period - Stopped by Pascal Leclaire without a rebound.
10:32 of 3rd period - John Tavares wins face-off versus Maxim Lapierre in Stars zone.
11:16 of 3rd period - Icing by Johnny Oduya.
11:17 of 3rd period - Ryan Getzlaf wins face-off versus Matt Stajan in Stars zone.
11:30 of 3rd period - Backhand shot by Ryan Getzlaf.
11:30 of 3rd period - Stopped by Brent Krahn without a rebound.
11:31 of 3rd period - Maxim Lapierre wins face-off versus Ryan Getzlaf in Canucks zone.
11:31 of 3rd period - Maxim Lapierre is hit by Michael Frolik.
11:40 of 3rd period - Peter Worrell beats up Patrick Eaves.
11:40 of 3rd period - Penalty to Peter Worrell for Fighting.
11:40 of 3rd period - Penalty to Patrick Eaves for Fighting.
11:41 of 3rd period - Maxim Lapierre wins face-off versus Ryan Getzlaf in neutral zone.
12:06 of 3rd period - Evgeny Artyukhin is hit by Maxim Afinogenov.
12:18 of 3rd period - Snap shot by Clarke MacArthur.
12:18 of 3rd period - Stopped by Pascal Leclaire without a rebound.
12:19 of 3rd period - Jiri Hudler wins face-off versus John Tavares in Stars zone.
12:38 of 3rd period - Sami Lepisto is hit by John Tavares and loses puck.
13:21 of 3rd period - Icing by Brian Lee.
13:22 of 3rd period - Michal Handzus wins face-off versus Mike Ribeiro in Stars zone.
13:26 of 3rd period - Off-side.
13:27 of 3rd period - Maxim Lapierre wins face-off versus John Tavares in neutral zone.
13:47 of 3rd period - Alex Goligoski is hit by Trevor Daley.
14:06 of 3rd period - Michael Frolik is hit by Ben Lovejoy.
15:22 of 3rd period - Brian Lee is hit by Maxim Afinogenov and loses puck.
15:29 of 3rd period - Nick Pryor is hit by Sean Avery and loses puck.
15:52 of 3rd period - Maxim Lapierre is hit by Brian Lee and loses puck.
16:09 of 3rd period - Wrist shot by Nikolai Zherdev.
16:09 of 3rd period - Stopped by Pascal Leclaire with a rebound.
16:21 of 3rd period - Ryan Parent is hit by Paul Martin and loses puck.
16:38 of 3rd period - Slapshot by Marcus Kruger.
16:38 of 3rd period - Shot Blocked by Mike Ribeiro.
16:40 of 3rd period - Snap shot by Paul Martin.
16:40 of 3rd period - Stopped by Brent Krahn with a rebound.
16:42 of 3rd period - Slapshot by Sean Avery.
16:42 of 3rd period - Stopped by Brent Krahn without a rebound.
16:43 of 3rd period - Maxim Lapierre wins face-off versus John Tavares in Canucks zone.
16:59 of 3rd period - Snap shot by Radim Vrbata.
16:59 of 3rd period - Shot Misses the Net.
17:25 of 3rd period - Brendon Nash is hit by Ryan Getzlaf.
17:39 of 3rd period - Backhand shot by Marcus Kruger.
17:39 of 3rd period - Stopped by Brent Krahn without a rebound.
17:40 of 3rd period - Patrick Eaves wins face-off versus Sean Avery in Canucks zone.
17:45 of 3rd period - Snap shot by Scottie Upshall.
17:45 of 3rd period - Stopped by Brent Krahn with a rebound.
17:47 of 3rd period - Slapshot by Scottie Upshall.
17:47 of 3rd period - Deflect By Patrick Eaves.
17:47 of 3rd period - Stopped by Brent Krahn with a rebound.
17:49 of 3rd period - Wrist shot by Marcus Kruger.
17:49 of 3rd period - Stopped by Brent Krahn without a rebound.
17:50 of 3rd period - Patrick Eaves wins face-off versus John Tavares in Canucks zone.
18:05 of 3rd period - Wrist shot by Maxim Lapierre.
18:05 of 3rd period - Stopped by Pascal Leclaire without a rebound.
18:06 of 3rd period - Matt Stajan wins face-off versus Ryan Getzlaf in Stars zone.
18:07 of 3rd period - Wrist shot by Alex Tanguay.
18:07 of 3rd period - Stopped by Pascal Leclaire with a rebound.
18:54 of 3rd period - Evgeny Artyukhin is hit by Milan Michalek and loses puck.
19:41 of 3rd period - Michael Frolik is hit by Maxim Lapierre and loses puck.
Goals for this period are 0 for Canucks vs 1 for Stars.
Shots for this period are 10 for Canucks vs 18 for Stars.
Back to the Top